 Dungeon Crawl Stone Soup version 0.27.0-1-g7a089689b8 (webtiles) character file.

Game seed: 6760023838684318470

30 ZARRMARR the Firebug (level 3, 0/26 HPs)
             Began as a Draconian Fire Elementalist on Aug 3, 2021.
             Slain by a goblin (5 damage)
             ... on level 1 of the Dungeon.
             The game lasted 00:03:26 (1034 turns).

ZARRMARR the Firebug (Draconian Fire Elementalist)  Turns: 1034, Time: 00:03:27

Health: 0/26       AC:  5    Str: 10    XL:     3   Next: 3%
Magic:  0/6        EV: 12    Int: 16    God:
Gold:   25         SH:  0    Dex: 11    Spells: 5/6 levels left

rFire    . . .     SeeInvis .   b - +0 dagger
rCold    . . .     Faith    .   (no shield)
rNeg     . . .     Spirit   .   (armour unavailable)
rPois    .         Reflect  .   (helmet restricted)
rElec    .         Harm     .   (no cloak)
rCorr    .         Rampage  .   (no gloves)
Will     .....                  (no boots)
Stlth    ++........             (no amulet)
HPRegen  0.08/turn              (no ring)
MPRegen  0.10/turn              (no ring)

@: no status effects
A: AC +5, unfitting armour, cold-blooded
a: no special abilities


You were on level 1 of the Dungeon.
You visited 1 branch of the dungeon, and saw 1 of its levels.

You collected 25 gold pieces.

Inventory:

Hand Weapons
 b - a +0 dagger (weapon)
Scrolls
 c - a scroll of magic mapping {unknown}
Potions
 a - a potion of curing {unknown}


   Skills:
 + Level 2.2 Dodging
 + Level 1.7 Stealth
 + Level 0.2 Unarmed Combat
 + Level 2.2 Spellcasting
 + Level 1.0 Conjurations
 + Level 3.6 Fire Magic


You had 5 spell levels left.
You knew the following spells:

 Your Spells              Type           Power      Damage    Failure   Level
a - Foxfire               Conj/Fire      36%        2x1d5     8%          1

Your spell library contained the following spells:

 Spells                   Type           Power      Damage    Failure   Level
 Conjure Flame            Conj/Fire      9%         6-21      24%         3
 Inner Flame              Hex/Fire       7%         N/A       28%         3
 Sticky Flame             Conj/Fire      9%         2d3       61%         4
 Fireball                 Conj/Fire      4%         3d4       91%         5


Dungeon Overview and Level Annotations

Branches:
Dungeon (1/15)

Altars:

Shops:
D:1 !


Innate Abilities, Weirdness & Mutations

Your plain brown scales are hard. (AC +5)
You cannot fit into any form of body armour.
You are cold-blooded and may be slowed by cold attacks.


Message History

You kill the endoplasm!
Casting: Foxfire (safe; 9% risk of failure)
Confirm with . or Enter, or press ? or * to list all spells.
You conjure some foxfire!
A goblin comes into view.
It is wielding a +3 dagger of electrocution.
You closely miss the goblin.
The foxfire hits the goblin.
You kill the goblin!
The foxfire hits the kobold.
You kill the kobold!
You have reached level 3!
Your experience leads to an increase in your attributes!
Increase (S)trength, (I)ntelligence, or (D)exterity?
You feel clever.
Your scales feel tougher.
Casting: Foxfire (safe; 8% risk of failure)
Confirm with . or Enter, or press ? or * to list all spells.
You conjure some foxfire!
The hobgoblin barely misses you.
You closely miss the hobgoblin.
The foxfire hits the goblin.
The goblin is moderately wounded.
The foxfire hits the hobgoblin.
The hobgoblin is almost dead.
The hobgoblin barely misses you.
Casting: Foxfire (safe; 8% risk of failure)
Confirm with . or Enter, or press ? or * to list all spells.
You conjure some foxfire!
The goblin completely misses you. The hobgoblin closely misses you.
You hit the hobgoblin but do no damage.
The hobgoblin is almost dead.
The foxfire hits the hobgoblin.
You kill the hobgoblin!
The foxfire hits the goblin.
The goblin is heavily wounded.
The goblin hits you with a +3 dagger of electrocution.
You are electrocuted!!
Ouch! That really hurt!
* * * LOW HITPOINT WARNING * * *
Casting: Foxfire (safe; 8% risk of failure)
Confirm with . or Enter, or press ? or * to list all spells.
You conjure some foxfire!
The goblin hits you with a +3 dagger of electrocution.
You die...

#.......#####.#
#.......# #.# .########
#.## ..# #..# ..# ##.#
..# ##########'#### .
..# #.............# ...
..###...........v.#.....
÷..............§@)......
.÷......######.#vg......
÷.....#.# #.#).......
#.....#.# #..........
###.#.#.# ........#.#
....#.#.# ........# #
#####.#.# ...).....#
..#.# ...........#
###.##...........#


You could see a goblin (ally target).

Vanquished Creatures
  2 ball pythons (D:1)
  3 endoplasms (D:1)
  3 giant cockroaches (D:1)
  A goblin (D:1)
  2 hobgoblins (D:1)
  6 jackals (D:1)
  A quokka (D:1)
  2 bats (D:1)
  2 frilled lizards (D:1)
  A kobold (D:1)
  2 rats (D:1)
25 creatures vanquished.

Vanquished Creatures (others)
  55 foxfires (D:1)
55 creatures vanquished.

Grand Total: 80 creatures vanquished

Notes
Turn   | Place    | Note
-------+----------+-------------------------------------------
     0 | D:1      | ZARRMARR the Draconian Fire Elementalist began the quest
                  | for the Orb.
     0 | D:1      | Reached XP level 1. HP: 14/14 MP: 3/3
   169 | D:1      | Found Zinu Gua's Distillery.
   410 | D:1      | Found a faded altar of an unknown god.
   433 | D:1      | Reached XP level 2. HP: 20/20 MP: 1/5
  1030 | D:1      | Reached XP level 3. HP: 26/26 MP: 3/6
  1034 | D:1      | Slain by a goblin

Illustrated notes

Levels and vault maps discovered:
D:1:      nzn_arrival_crosshair, layout_basic, serial_shops,
          nicolae_diamond_shop, ebering_ecumenical_altar_sacrificial

Skill      XL: |  1 |
---------------+----+-----
Dodging        | 2 |  2.2
Stealth        | |  1.7
Unarmed Combat | |  0.2
Spellcasting   | |  2.2
Conjurations   | |  1.0
Fire Magic     | |  3.6

Action                   || total
-------------------------++-------
Melee: Unarmed           ||    16
       Tailslap          ||     5
       Dagger            ||    24
 Cast: Foxfire           ||    32
 Stab: Sleeping          ||     1
Armor: Skin              ||     9
Dodge: Dodged            ||    39
